 Dungeon Crawl Stone Soup version 0.26-a0-1021-gda264ca44c (webtiles) character file.

Game seed: 15037481107777997595

325 runemasterragnar the Skirmisher (level 6, -2/66 HPs)
             Began as an Ogre Gladiator on Dec 9, 2020.
             Slain by a bullfrog (7 damage)
             ... on level 6 of the Dungeon.
             The game lasted 00:05:46 (5082 turns).

runemasterragnar the Skirmisher (Ogre Gladiator)    Turns: 5082, Time: 00:05:47

Health: -2/66      AC:  4    Str: 19 (20) XL:     6   Next: 48%
Magic:  6/6        EV: 11    Int:  8 (10) God:
Gold:   188        SH:  0    Dex:  9 (10) Spells: 5/5 levels left

rFire    . . .     SeeInvis +   n - +0 war axe
rCold    . . .     Faith    .   (no shield)
rNeg     . . .     Spirit   .   b - +0 robe
rPois    .         Reflect  .   c - +1 hat
rElec    .         Harm     .   (no cloak)
rCorr    .         Rampage  .   (gloves unavailable)
Will     .....                  (boots unavailable)
Stlth    +.........             (no amulet)
HPRegen  0.21/turn              f - ring of see invisible
MPRegen  0.10/turn              (no ring)

@: no status effects
A: large, unfitting armour, tough skin 1
a: no special abilities


You were on level 6 of the Dungeon.
You visited 2 branches of the dungeon, and saw 7 of its levels.

You collected 188 gold pieces.

Inventory:

Hand Weapons
 a - a +0 flail
 n - a +0 war axe (weapon)
Missiles
 d - a throwing net (quivered)
 i - 3 large rocks
 k - 17 sling bullets
Armour
 b - a +0 robe (worn)
 c - a +1 hat (worn)
Jewellery
 f - a ring of see invisible (left hand)
 l - an uncursed amulet of guardian spirit {unknown}
Wands
 m - a wand of polymorph (9)
Scrolls
 g - 2 scrolls of remove curse
 h - 2 scrolls of teleportation
 p - a scroll of enchant armour
Potions
 e - a potion of curing
 j - a potion of brilliance


   Skills:
 + Level 5.0 Fighting
 + Level 3.9 Maces & Flails
 + Level 3.6 Throwing
 + Level 3.9 Dodging


You had 5 spell levels left.
You didn't know any spells.
Your spell library was empty.

Dungeon Overview and Level Annotations

Branches:
Dungeon (6/15)             Temple (1/1) D:6

Altars:
Ashenzari
Cheibriados
Dithmenos
Elyvilon
Fedhas
Gozag
Hepliaklqana
Kikubaaqudgha
Nemelex Xobeh
Ru
Sif Muna
Trog
Uskayaw
Wu Jian
Yredelemnul
The Shining One

Annotations:
D:3 2 transporters, miscthings's ghost, weakling HaHu
D:5 Blork the orc; Edmund


Innate Abilities, Weirdness & Mutations

You are too large for most types of armour.
You have tough skin. (AC +1)


Message History

* * * LOW HITPOINT WARNING * * *
You slash the centaur!
The centaur is severely wounded.
You hit the bullfrog. The bullfrog hits you.
* * * LOW HITPOINT WARNING * * *
The centaur barely misses you. The bullfrog closely misses you.
The centaur hits you but does no damage.
The bullfrog closely misses you.
It was a potion of degeneration.
There was something very wrong with that liquid.
You feel weakened.
You feel dopey.
You feel clumsy. The centaur hits you!
* * * LOW HITPOINT WARNING * * *
The bullfrog barely misses you.
You feel better. The centaur closely misses you. The bullfrog hits you.
* * * LOW HITPOINT WARNING * * *
The centaur hits you.
* * * LOW HITPOINT WARNING * * *
The bullfrog hits you!
You die...

###.####...........#
..........#.###..###
##.?######...###....#
#.## ##..##.(##.# #.
#..#.>(# .# ##.#.#.#
.# #...#(# .# #.....#
.# .$..##.@# .# #...
#cF# .# ##. ##.. ..
#... ..... ..#...
..##... .<.# ....


You could see a bullfrog and a centaur.

Vanquished Creatures
  An orc priest (D:4)
  A hound (D:6)
  Jessica (D:2)
  An orc wizard (D:4)
  A worker ant (D:5)
  5 adders
  3 river rats (D:3)
  A white imp (D:5)
  3 worms
  3 dart slugs
  3 leopard geckos
  15 orcs
  6 bats
  3 giant cockroaches
  5 goblins
  8 hobgoblins
  9 jackals
  5 kobolds
  A quokka (D:2)
  4 ball pythons
  A frilled lizard (D:2)
  9 rats
89 creatures vanquished.

Vanquished Creatures (others)
  A plant (D:3)
1 creature vanquished.

Grand Total: 90 creatures vanquished

Notes
Turn   | Place    | Note
-------+----------+-------------------------------------------
     0 | D:1      | runemasterragnar the Ogre Gladiator began the quest for the
                  | Orb.
     0 | D:1      | Reached XP level 1. HP: 22/22 MP: 1/1
   386 | D:1      | Reached XP level 2. HP: 25/29 MP: 2/2
   400 | D:1      | Reached skill level 3 in Fighting
  1190 | D:1      | Reached XP level 3. HP: 37/37 MP: 3/3
  2104 | D:2      | Noticed Jessica
  2117 | D:2      | Killed Jessica
  2118 | D:2      | Reached XP level 4. HP: 26/48 MP: 4/4
  2122 | D:2      | Found a basalt altar of Yredelemnul.
  2668 | D:3      | Reached skill level 4 in Fighting
  2721 | D:3      | Found a transporter.
  2729 | D:3      | Noticed miscthings's ghost (weakling HaHu)
  2741 | D:3      | Found a transporter.
  2790 | D:3      | Reached XP level 5. HP: 15/54 MP: 5/5
  4011 | D:4      | Reached XP level 6. HP: 33/63 MP: 6/6
  4300 | D:5      | Entered Level 5 of the Dungeon
  4728 | D:5      | Noticed Edmund
  4728 | D:5      | Noticed Blork the orc
  4753 | D:6      | Found a staircase to the Ecumenical Temple.
  4765 | D:6      | Reached skill level 5 in Fighting
  4773 | Temple   | Entered the Ecumenical Temple
  5082 | D:6      | Slain by a bullfrog

Illustrated notes

Levels and vault maps discovered:
D:1:      dpeg_arrival_round_a, layout_basic, minmay_misc_feat_columns,
          nrook_uturn, chequers_serial_rivers_room_b,
          chequers_serial_rivers_small_b, glass_columns_a
D:2:      layout_basic, lemuel_coloured_pillars_altar, uniq_jessica
D:3:      cheibrodos_old_hovel, layout_basic, portal_sewer_entry_c,
          gammafunk_ghost_stat_death, hangedman_decor_clover_reticule
D:4:      layout_basic, xom_teletrap_fun
D:5:      layout_basic, okawaru_trees_1, minmay_crossroads, uniq_edmund,
          uniq_blork_the_orc, uniq_pikel, uniq_grinder
D:6:      layout_rooms, makhleb_heckhound_becter,
          minmay_temple_entry_stoned_glass, serial_shops,
          nicolae_shop_behind_doors, hangedman_abyss_or_decor_passed
Temple:   regret_index_temple_waves

Skill      XL: |  1  2  3  4  5  6 |
---------------+-------------------+-----
Fighting       | 3 4 5 |  5.0
Maces & Flails | 3 |  3.9
Dodging        | 3 |  3.9
Throwing       | 3 |  3.6

Action                   |  1- 3 |  4- 6 || total
-------------------------+-------+-------++-------
Melee: Flail             |   101 |    55 ||   156
       War axe           |       |   169 ||   169
Throw: Throwing net      |     2 |     1 ||     3
  Use: Scroll            |     4 |     3 ||     7
       Potion            |       |     3 ||     3
 Stab: Held in net/web   |     1 |       ||     1
Armor: Robe              |    28 |    88 ||   116
Dodge: Dodged            |    61 |   166 ||   227

Table legend: (Time is in decaauts)
 A = Elapsed time spent in this place.
 B = Non-inter-level travel time spent in this place.
 C = Inter-level travel time spent in this place.
 D = Time resting spent in this place.
 E = Time spent auto-exploring this place.
 F = Levels seen in this place.
 G = Mean time per level.
                   A        B        C        D        E       F      G
               +--------+--------+--------+--------+--------+-----+--------+
         Total |   5192 |   5020 |    172 |      0 |   4142 |   7 |  741.7 |
       Dungeon |   4916 |   4762 |    154 |      0 |   3884 |   6 |  819.3 |
        Temple |    276 |    258 |     18 |      0 |    258 |   1 |  276.0 |
               +--------+--------+--------+--------+--------+-----+--------+

Top non-repeatable levels by time:
     D:3: 1611 daAuts
     D:1: 1458 daAuts
     D:2: 971 daAuts
     D:5: 466 daAuts
     D:4: 349 daAuts
  Temple: 276 daAuts
     D:6: 57 daAuts
